Unix NetHack Version 5.0.0-0 post-release - last build Jul 14 2026 02:55:29 (1809b74e8187c3a3585e283601c3028b46cbbdcb,branch:main).

Game began 2026-07-18 01:57:30, ended 2026-07-18 02:17:33.

KnightLite, lawful female human Archeologist

          -----------
          |.........|
          |.........|
          |.........|
          |.........|
          |........%.#
          ------.----#
                #    #
                #    #
            #####    #
            #        ######       Z
         ---.-            #-------@r
         |...| ########   #|.....|d
         |....##          #|<....|#
         |...|            #....^.-#
         -----             -------

KnightLite the Field Worker  St:11 Dx:10 Co:13 In:18 Wi:14 Ch:9  Lawful
Dlvl:5  $:19 HP:0(29) Pw:15(15) AC:9  Xp:4 T:1603 

Latest messages:
 The little dog misses the rock mole.
 The little dog misses the rock mole.
 You hear someone counting gold coins.
 The rock mole bites!
 The little dog misses the rock mole.
 The little dog misses the rock mole.
 The little dog misses the rock mole.
 The little dog misses the rock mole.
 The little dog misses the rock mole.
 The rock mole bites!
 The little dog misses the rock mole.
 The little dog misses the rock mole.
 The little dog misses the rock mole.
 The little dog misses the rock mole.
 The little dog misses the rock mole.
 The little dog misses the rock mole.
 The little dog misses the rock mole.
 The little dog misses the rock mole.
 The little dog misses the rock mole.
 The little dog misses the rock mole.
 The little dog misses the rock mole.
 The little dog bites the rock mole.
 The rock mole bites the little dog.
 The little dog misses the rock mole.
 The little dog misses the rock mole.
 The little dog misses the rock mole.
 The little dog misses the rock mole.
 The little dog misses the rock mole.
 The little dog misses the rock mole.
 The little dog misses the rock mole.
 The little dog misses the rock mole.
 The rock mole bites!
 The little dog misses the rock mole.
 The little dog misses the rock mole.
 The little dog misses the rock mole.
 The little dog misses the rock mole.
 The rock mole bites!
 The little dog misses the rock mole.
 The rock mole bites!
 The kobold zombie hits!
 The little dog misses the rock mole.
 The kobold zombie hits!
 The little dog misses the rock mole.
 The kobold zombie hits!
 You die...
 Do you want your possessions identified? [ynq] (y) y
 Do you want to see your attributes? [ynq] (y) y
 Do you want an account of creatures vanquished? [ynaq] (y) y
 Do you want to see your conduct and achievements? [ynq] (y) y
 Do you want to see the dungeon overview? [ynq] (y) y

Inventory:
 Coins    ('$')
  $ - 19 gold pieces
 Weapons  (')')
  r - 3 +0 darts
  a - a +2 bullwhip (weapon in right hand)
  t - a blessed +0 silver saber (alternate weapon; not wielded)
 Armor    ('[')
  c - an uncursed +0 fedora (being worn)
  b - a blessed +0 leather jacket (being worn)
 Comestibles  ('%')
  d - 7 uncursed food rations
  v - 2 uncursed fortune cookies
  q - an uncursed tripe ration
 Scrolls  ('?')
  w - an uncursed scroll of destroy armor
  s - an uncursed scroll of enchant armor
  n - an uncursed scroll of identify
  x - an uncursed scroll of light
 Potions  ('!')
  y - a cursed potion of acid
 Wands    ('/')
  u - a wand of cancellation (0:5)
 Tools    ('(')
  h - an empty uncursed sack
  i - an uncursed oil lamp
  e - a +0 pick-axe
  f - a tinning kit (0:51)
 Gems/Stones  ('*')
  g - an uncursed touchstone

KnightLite the Archeologist's attributes:

Background:
 You were a Field Worker, a level 4 female human Archeologist.
 You were lawful, on a mission for Quetzalcoatl
 who was opposed by Camaxtli (neutral) and Huhetotl (chaotic).
 You were right-handed.
 You were in the Dungeons of Doom, on level 5.
 You entered the dungeon 1603 turns ago.
 It was nighttime.
 You had 82 experience points, 78 more were needed to attain level 5.

Basics:
 You had 0 out of 29 hit points.
 You had all 15 energy points (spell power).
 Your armor class was 9.
 Your wallet contained 19 zorkmids.
 Autopickup was on for '0' plus thrown, with exceptions.

Final Characteristics:
 Your strength was 11 (limit:18/100).
 Your dexterity was 10 (limit:18).
 Your constitution was 13 (limit:18).
 Your intelligence was 18 (limit:18).
 Your wisdom was 14 (limit:18).
 Your charisma was 9 (limit:18).

Final Status:
 You weren't hungry.
 You were unencumbered.
 You were wielding a whip.
 You had basic skill with whip.

Final Attributes:
 You were devoutly aligned.
 You had automatic searching.
 You were lucky.
 You are dead.

Miscellaneous:
 You didn't encounter any bones levels.
 Total elapsed playing time was 20 minutes and 2 seconds.

Major events:
 Turn
    1: KnightLite the lawful female human Archeologist entered the dungeon
  635: attained the rank of Field Worker (level 3)
  977: entered the Gnomish Mines
 1603: killed by a kobold zombie, while frozen by a floating eye's gaze

Spells:
 Name                 Level Category     Fail Retention
 detect monsters        1   divination     0%  76%-100%

Skills:
 Fighting Skills
   bare handed combat [Unskilled]
   two weapon combat  [Unskilled]
   riding             [Unskilled]
 Weapon Skills
   dagger             [Unskilled]
   knife              [Unskilled]
   pick-axe           [Basic]
   short sword        [Unskilled]
   saber              [Unskilled]
   club               [Unskilled]
   quarterstaff       [Unskilled]
   sling              [Unskilled]
   dart               [Unskilled]
   boomerang          [Unskilled]
   whip               [Basic]
   unicorn horn       [Unskilled]
 Spellcasting Skills
   attack spells      [Unskilled]
   healing spells     [Unskilled]
   divination spells  [Unskilled]
   matter spells      [Unskilled]

Voluntary challenges:
 Character rerolling was not enabled.
 You followed a strict vegan diet.
 You never genocided any monsters.
 You never polymorphed an object.
 You never changed form.
 You used no wishes.
Achievements:
 You attained the rank of Field Worker.
 You entered a shop.
 You entered the Gnomish Mines.

 The Dungeons of Doom: levels 1 to 5
    Level 1:
    Level 2:
       A fountain.
    Level 3:
       A general store, some fountains.
       Stairs down to The Gnomish Mines.
    Level 4:
       An altar to Quetzalcoatl.
    Level 5: <- You were here.
       Final resting place for
          you, killed by a kobold zombie, while frozen by a floating eye's gaze.
 The Gnomish Mines:
    Level 4:


Vanquished creatures:
 an elf zombie
  a kitten
  a homunculus
  a wererat
  a werejackal
 an iguana
  2 coyotes
  a large kobold
  2 giant rats
  a gecko
  9 jackals
  2 kobolds
  3 sewer rats
  2 grid bugs
  4 lichens
  a kobold zombie
  3 newts
36 creatures vanquished.

No species were genocided or became extinct.

Game over:
                       ----------
                      /          \
                     /    REST    \
                    /      IN      \
                   /     PEACE      \
                  /                  \
                  |    KnightLite    |
                  |      19 Au       |
                  |   killed by a    |
                  |  kobold zombie   |
                  |                  |
                  |                  |
                  |       2026       |
                 *|     *  *  *      | *
        _________)/\\_//(\/(/\)/\//\/|_)_______

Goodbye KnightLite the Archeologist...

You died in The Dungeons of Doom on dungeon level 5 with 556 points,
and 19 pieces of gold, after 1603 moves.
You were level 4 with a maximum of 29 hit points when you died.

